Cogmind - Beta 11.1 @@@ ROGUE MODE // 2022.08.25 @ 18:48:05 Player: ILikeMonsters1890 Result: Destroyed by Y-45 Defender with Heavy Assault Rifle Performance ------------- Evolutions (1) 500 Regions Visited (2) 400 Robots Destroyed (11) 55 Value Destroyed (321) 321 Prototype IDs (0) 0 Alien Tech Used (0) 0 Bonus (0) 0 TOTAL SCORE: 1276 Bonus ------- None Cogmind --------- Core Integrity 0/400 Matter 295/300 Energy 49/100 System Corruption 0% Temperature Cool (0) Movement Walking (120) Location -9/Materials Parts ------- > --- POWER (1) -------- (None) > --- PROPULSION (3) --- Aluminum Leg Aluminum Leg > --- UTILITY (3) ------ Medium Storage Unit > --- WEAPON (2) ------- Small Laser Small Laser > --- INVENTORY (10) --- Aluminum Leg Aluminum Leg Peak State ------------ > --- POWER ------------ Ion Engine > --- PROPULSION ------- Wheel Wheel > --- UTILITY ---------- Medium Storage Unit > --- WEAPON ----------- Light Assault Rifle Light Assault Rifle > --- INVENTORY -------- Light Ion Engine Light Ion Engine Aluminum Leg Aluminum Leg Aluminum Leg Aluminum Leg Aluminum Leg Aluminum Leg Small Laser Welding Torch [Rating: 7] Favorites ----------- Power Ion Engine Engine Ion Engine Propulsion Aluminum Leg Leg Aluminum Leg Wheel Wheel Utility Medium Storage Unit Storage Medium Storage Unit Weapon Light Assault Rifle Energy Gun EM Pulse Gun Ballistic Gun Light Assault Rifle Build | -11 -10 -9 ------- Run | Scr Mat Mat Slots Evolved 2 | . . 2 Power . | . . . Propulsion 1 | . . 1 Utility 1 | . . 1 Weapon . | . . . Parts Attached 20 | 7 7 6 Power 3 | 1 2 . Engine 3 | 1 2 . Core . | . . . Reactor . | . . . Propulsion 8 | 2 2 4 Treads . | . . . Leg 6 | . 2 4 Wheel 2 | 2 . . Hover . | . . . Flight . | . . . Utility 2 | 1 1 . Device . | . . . Storage 2 | 1 1 . Processor . | . . . Hackware . | . . . Protection . | . . . Artifact . | . . . Weapon 7 | 3 2 2 Energy Gun 5 | 1 2 2 Energy Cannon . | . . . Ballistic Gun 2 | 2 . . Ballistic Cannon . | . . . Launcher . | . . . Special Weapon . | . . . Impact Weapon . | . . . Slashing Weapon . | . . . Piercing Weapon . | . . . Special Melee Weapon . | . . . Unidentified Prototypes . | . . . Parts Lost 13 | . 6 7 Power 3 | . 2 1 Propulsion 6 | . 2 4 Utility . | . . . Weapon 4 | . 2 2 Highest Loss Streak 6 | . 6 6 To Critical Strikes . | . . . Average Slot Usage (%) 66 | . 81 52 Engine 8 | . 13 4 Leg 15 | . 7 24 Wheel 10 | . 20 . Storage 12 | . 14 11 Energy Gun 7 | . 1 13 Ballistic Gun 11 | . 23 . Naked Turns . | . . . Heaviest Build 17 | 12 17 17 Greatest Support 30 | 20 20 30 Greatest Overweight (x) 5 | . 5 3 Average Overweight (x) . | . . . Largest Inventory Capacity 10 | 8 10 10 Average Capacity 9 | 7 9 10 Most Carried 10 | 6 10 5 Average Carried 5 | 2 7 3 Final Capacity 10 | 8 10 10 Final Carried 6 | 6 5 2 Class Distribution -------------------- 100% | Mutant Dominant Class ---------------- Mutant | -10/Materials Mutant | -9/Materials Resources | -11 -10 -9 ----------- Run | Scr Mat Mat Matter Collected 369 | 221 27 121 Remotely . | . . . Salvage Created 429 | . 105 324 Parts 21 | . 6 15 Haulers Intercepted . | . . . Recyclers Shooed . | . . . Parts Field Recycled . | . . . Retrieved Matter . | . . . Parts Self-Destructed . | . . . Prevented . | . . . Kills | -11 -10 -9 ------- Run | Scr Mat Mat Combat Hostiles Destroyed 10 | . 4 6 Melee 1 | . . 1 Guns 9 | . 4 5 Classes Destroyed 4 | . 2 2 Builder 1 | . . 1 Swarmer 2 | . 2 . Grunt 7 | . 2 5 Sentry 1 | . . 1 Best Kill Streak 4 | . 2 4 Combat Bots Only 4 | . 2 4 Max Kills in Single Turn 2 | . 1 2 Gunslinging . | . . . Exploded . | . . . Melee 1 | . . 1 Uniques/NPCs Destroyed . | . . . Combat | -11 -10 -9 -------- Run | Scr Mat Mat Damage Taken 1843 | . 770 1073 Core 637 | . 222 415 Absorbed by Shields . | . . . Core Remaining (%) 55 | 100 11 . Volleys Fired 55 | . 26 29 Largest 2 | . 2 2 Hottest 80 | . 40 80 Shots Fired 87 | . 43 44 Gun 87 | . 43 44 Cannon . | . . . Launcher . | . . . Special . | . . . Kinetic 39 | . 39 . Thermal 29 | . . 29 Explosive . | . . . Electromagnetic 19 | . 4 15 Robot Hit Streak 12 | . 4 12 Robot Miss Streak 8 | . 8 3 Penetration Max . | . . . Secondary Targets . | . . . Shots Hit Robots 54 | . 23 31 Core Hits 27 | . 9 18 Critical Kills . | . . . Critical Parts Destroyed . | . . . Critical Strikes . | . . . Melee Attacks . | . . . Impact . | . . . Slashing . | . . . Piercing . | . . . Sneak Attacks . | . . . Combat Hostiles . | . . . Follow-up Attacks . | . . . Damage Inflicted 649 | . 219 430 Guns 582 | . 219 363 Cannons . | . . . Explosions . | . . . Melee . | . . . Ramming 67 | . . 67 Kinetic 176 | . 176 . Thermal 229 | . . 229 Explosive . | . . . Electromagnetic 177 | . 43 134 Impact . | . . . Slashing . | . . . Piercing . | . . . Highest Corruption . | . . . Average Corruption . | . . . Corruption Purged . | . . . Corruption Blocked . | . . . Overload Shots . | . . . Overflow Damage . | . . . Projectiles . | . . . Explosions . | . . . Melee . | . . . Knockbacks . | . . . Impact . | . . . Kinetic . | . . . Secondary . | . . . Self-Inflicted Damage . | . . . Shots . | . . . Rammed 3 | . . 3 Targets Rammed 27 | . . 27 Kicked 24 | . . 24 Crushed . | . . . Highest Temperature 62 | . 34 62 Average Temperature 17 | . 12 20 Received Heat Transfer 849 | . 318 531 Siege Activations . | . . . Robots Corrupted . | . . . Combat Hostiles . | . . . Parts Fried 1 | . . 1 Impact Corruptions . | . . . Robots Melted . | . . . Combat Hostiles . | . . . Parts Melted 1 | . . 1 Heat Transferred 525 | . . 525 Parts Sabotaged . | . . . Parts Stolen . | . . . Parts Stripped . | . . . Power Chain Reactions . | . . . Missiles Intercepted . | . . . Alert | -11 -10 -9 ------- Run | Scr Mat Mat Peak Influence 254 | . 93 254 Initial 39 | . . 39 Average 65 | . 30 116 Maximum Alert Level 1 | . . 1 Low Security (%) 92 | 100 100 83 Level 1 7 | . . 16 Level 2 . | . . . Level 3 . | . . . Level 4 . | . . . Level 5 . | . . . High Security . | . . . Max Security . | . . . Squads Dispatched 3 | . 1 2 Investigation 1 | . . 1 Extermination . | . . . Reinforcement 2 | . 1 1 Assault . | . . . Garrison . | . . . Intercept . | . . . Searches Triggered . | . . . Construction Impeded . | . . . Haulers Reinforced . | . . . Active Scanning Responses . | . . . Cargo Convoy Interrupts . | . . . Stealth | -11 -10 -9 --------- Run | Scr Mat Mat Distress Signals 3 | . 3 . Communications Jammed . | . . . Distress Signals . | . . . Times Spotted 25 | . 12 13 Peak Tracking Total 10 | . 10 6 Tactical Retreats 3 | . 1 2 Traps | -11 -10 -9 ------- Run | Scr Mat Mat Traps Triggered 1 | . . 1 Indirectly . | . . . Trap Hack Attempts . | . . . Triggered . | . . . Disarmed . | . . . Reprogrammed . | . . . Reused . | . . . Traps Extracted . | . . . Installed . | . . . Triggered . | . . . Machines | -11 -10 -9 ---------- Run | Scr Mat Mat Machines Disabled . | . . . Max in Single Turn . | . . . Machines Sabotaged . | . . . Garrisons Compromised . | . . . Overloaded Fab Kills . | . . . Hacking | -11 -10 -9 --------- Run | Scr Mat Mat Machines Accessed 2 | . 2 . Terminals 1 | . 1 . Fabricators . | . . . Repair Stations . | . . . Recycling Units 1 | . 1 . Scanalyzers . | . . . Garrison Access . | . . . Total Hacks 4 | . 4 . Successful 3 | . 3 . Failed 1 | . 1 . Catastrophic . | . . . Database Lockouts . | . . . Manual 1 | . 1 . Terminals 2 | . 2 . Fabricators . | . . . Repair Stations . | . . . Recycling Units 2 | . 2 . Scanalyzers . | . . . Garrison Access . | . . . Terminal Hacks 1 | . 1 . Record 1 | . 1 . Fabricator Hacks . | . . . Repair Station Hacks . | . . . Recycling Unit Hacks 2 | . 2 . Retrieve Matter 1 | . 1 . Retrieve Components 1 | . 1 . Scanalyzer . | . . . Garrison Access Hacks . | . . . Unauthorized Hacks . | . . . Terminals . | . . . Fabricators . | . . . Repair Stations . | . . . Recycling Units . | . . . Scanalyzers . | . . . Garrison Access . | . . . Data Cores Recovered . | . . . Used . | . . . Hacking Detections 1 | . 1 . Full Trace Events . | . . . Feedback Events . | . . . Feedback Blocked . | . . . Robot Schematics Acquired . | . . . Robots Built . | . . . Authchips . | . . . Time . | . . . Total Robot Build Rating . | . . . Part Schematics Acquired . | . . . Parts Built . | . . . Authchips . | . . . Time . | . . . Total Part Build Rating . | . . . Parts Repaired . | . . . Time . | . . . Parts Recycled . | . . . Recycled Matter . | . . . Retrieved Matter . | . . . Retrieved Components 2 | . 2 . Parts Scanalyzed . | . . . Part Schematics Acquired . | . . . Parts Damaged . | . . . Bothacking | -11 -10 -9 ------------ Run | Scr Mat Mat Used RIF Installer . | . . . Robots Hacked . | . . . Non-combat . | . . . Combat . | . . . Robot Hacks Applied . | . . . Relay Couplers Released . | . . . Fabnet Peak Effective % . | . . . Robots Rewired . | . . . Allies Hacked . | . . . Hacks Repelled . | . . . Allies | -11 -10 -9 -------- Run | Scr Mat Mat Total Allies . | . . . Largest Group . | . . . Highest-Rated Group . | . . . Highest-Rated Ally . | . . . Total Orders . | . . . Ally Attacks . | . . . Total Damage . | . . . Kills . | . . . Allies Corrupted . | . . . Allies Melted . | . . . Intel | -11 -10 -9 ------- Run | Scr Mat Mat Robot Analysis Total . | . . . Derelict Logs Recovered . | . . . Drone Launches . | . . . Drone Recoveries . | . . . Exploration | -11 -10 -9 ------------- Run | Scr Mat Mat Turns Passed 557 | 65 239 253 Spaces Moved 330 | 59 182 89 Core 24 | 5 1 18 Treads . | . . . Legs 94 | . 23 71 Wheels 212 | 54 158 . Hover . | . . . Flight . | . . . Fastest Speed 50 | 50 80 120 Average Speed 98 | 77 86 136 Slowest Speed 300 | 80 300 200 Overloaded Moves . | . . . Propulsion Burnouts . | . . . Robots Hopped . | . . . Cave-ins Triggered . | . . . Exploration Rate (%) 17 | 4 36 11 Regions Visited 2 Branch Regions . Pre-discovered Areas . | . . . Known Exits Taken . | . . . Unknown Exits Taken 2 | 1 1 . Scrap Searched . | . . . Spaces Dug . | . . . Terrain Destroyed . | . . . Melee . | . . . Projectile . | . . . AOE . | . . . Terrain Rammed . | . . . Walls Destroyed . | . . . Machines Disabled . | . . . Actions | -11 -10 -9 --------- Run | Scr Mat Mat Total 476 | 77 230 169 Wait 16 | . 1 15 Move 328 | 58 181 89 Hop . | . . . Pick Up 25 | 12 10 3 Fast Attach . | . . . Attach 18 | 6 6 6 Detach . | . . . Swap 2 | 1 1 . Drop 5 | . 5 . Fire 55 | . 26 29 Melee . | . . . Ram 3 | . . 3 Kick 24 | . . 24 Crush . | . . . Escape Stasis . | . . . Rewire . | . . . Trap . | . . . Miscellaneous . | . . . Route ------- -11/Scrapyard -10/Materials -9/Materials History --------- Turn | Location | Event 13 | -11/Scrapyard | Discovered new exit (range 16) 66 | -11/Scrapyard | Entered Materials 270 | -10/Materials | Core integrity fell below 50% 280 | -10/Materials | Core integrity fell below 20% 295 | -10/Materials | Discovered new exit (range 10) 305 | -10/Materials | Entered another Materials area 305 | -9/Materials | Evolved 2 slots: Propulsion x1, Utility x1 313 | -9/Materials | Lost 6 parts (2p2n2w) 326 | -9/Materials | Build established: Mutant 439 | -9/Materials | Core integrity fell below 50% 463 | -9/Materials | Lost 6 parts (1p3n2w) 508 | -9/Materials | Core integrity fell below 20% 558 | -9/Materials | Destroyed by Y-45 Defender with Heavy Assault Rifle Last Messages --------------- 00439_ Heat Sink fried. 00439_ Y-45 Defender destroyed. 00452_ G-34 Mercenary misfires. 00459_ Triggered Alarm Trap. 00459_ An alarm sounds. 00459_ ALERT: Alarm triggered, dispatching investigation squad. 00469_ G-34 Mercenary IFF system glitched. 00484_ G-34 Mercenary misfires. 00505_ G-34 Mercenary destroyed. 00509_ Acquired 40 matter. 00512_ Acquired Aluminum Leg. 00517_ Heat Sink melted. 00517_ G-34 Mercenary destroyed. 00521_ Acquired Sml. Laser. 00526_ G-34 Mercenary destroyed. 00549_ K-01 Serf collects debris. 00552_ Critical hit (Burn: +37). 00555_ K-01 Serf collects debris. 00555_ Aluminum Leg destroyed. 00558_ K-01 Serf collects debris. Map ----- +----------------------------------------------------+ | ?????????????????????????????????????????????????? | | ?????????????????????????????????????????????????? | | ?????????????????????????????????????????????????? | | ?????????????????????????????????????????????????? | | ?????????????????????????????????????????????????? | | ?????????????????????????????????????????????????? | | ?????????????????????????????????????????????????? | | ?????????????????????????????????????????????????? | | ????????????????????????????????????????########## | | ????????????????????????????????????????# | | ????????????????????????????????????????# """ | | ????????????????????????????????????????# """ | | ????????????????????????????????????????# """ | | ???????????????????????????#????????????#""" | | ???????????????????????????# ????????????"T = | | ???????????????????????????# ??????????????" | | ???????????????????????????# ???????????????? | | ????????????????????????####+##################+## | | ????????????????????????+ = # | | ????????????????????????# # | | ????????????????????????# """ """ # | | ????????????????????????# """ """ # ########## | | ????????????????????????# !""" """ # # # | | ?????????????????## ???# =%= !=%%= # # # | | ?????????????????# ########a##### + # | | ?????????????????# @ Yk% # ! # | | ??????????????? + Y # # | | ?????????????????# # # | | ?????????????????# ############ ### # | | ?????????????????######???????????# #?# # | | ??????????????????????????????????# #?# / | | ??????????????????????????????????# #?########## | | ??????????????????????????????????# #??????????? | | ??????????????????????????????????# #??????????? | | ??????????????????????????????????# #??????????? | | ??????????????????????????????????# #??????????? | | ??????????????????????????????????# #??????????? | | ?????????????????????????????????? ??????????? | | ?????????????????????????????????? ??????????? | | ?????????????????????????????????? ??????????? | | ?????????????????????????????????? ??????????? | | ?????????????????????????????????# ??????????? | | ??????????????????????????????????? ???????????? | | ?????????????????????????????????????????????????? | | ?????????????????????????????????????????????????? | | ?????????????????????????????????????????????????? | | ?????????????????????????????????????????????????? | | ?????????????????????????????????????????????????? | | ?????????????????????????????????????????????????? | | ?????????????????????????????????????????????????? | +----------------------------------------------------+ Best States ------------- Heat Dissipation 28 Energy Generation 10 Energy Capacity 250 Matter Stores 300 Matter Capacity 300 Sight Range 16 Terrain Scan Density 10 Evasion (%) 55 Item Schematics ----------------- None Robot Schematics ------------------ None Fabricated ------------ Nothing Alien Tech Used ----------------- None Achievements -------------- None Challenges ------------ None Game ------ Seed MiningSkeletonImmobilizer Manual? 0 Play Time 00:10:53 Cumulative 35.6 hours Start 2022.08.25 @ 18:36:05 End 2022.08.25 @ 18:48:05 Sessions 1 Manual Loads 0 Difficulty Rogue Special Mode None Game No. 41 Rogue 41 Adventurer 0 Explorer 0 Win Type - Total 0 Types 0/0/0/0/0/0/0/0/0 Lore% 36 Gallery% 28 Achievement% 23 Wizard Run 0 Options --------- ASCII 0 Keyboard 0 Movement Numpad Keybinds 0 Fullscreen 2 Font 18/SmallcapsGlow Map View 76x50 Tactical HUD 1 Map Filters NONE Filters NONE Steam 1 RUN: 0ee63af9-3e1d-4cc7-b015-674a5ba623cf